 Dungeon Crawl Stone Soup version 0.15.0-8-gb109cf8 (webtiles) character file.

39406 RobertPalmer the Cruncher (level 14, -1/79 HPs)
             Began as a Vine Stalker Gladiator on Aug 29, 2014.
             Was a High Priest of Okawaru.
             Slain by a 13-headed hydra (8 damage)
             ... on Level 1 of the Swamp on Aug 30, 2014.
             The game lasted 01:04:22 (15622 turns).

RobertPalmer the Cruncher (Vine Stalker Gladiator) Turns: 15622, Time: 01:04:23

HP  -1/79        AC 11     Str 18      XL: 14   Next:  6%
MP   0/25        EV 22     Int 14      God: Okawaru [*****.]
Gold 1273        SH  0     Dex 22      Spells:  0 memorised, 13 levels left

rFire  . . .     SeeInvis .     a - +2 lajatang (elec)
rCold  + + .     Clarity  .     x - +3 troll leather armour of Sloth {Dex+2 Int+3}
rNeg   . . .     rCorr    .     (no shield)
rPois  +         rRot     +     T - +1 hat {Int+3}
rElec  .         Spirit   +     e - +2 cloak
SustAb .         Warding  .     (no gloves)
rMut   .         Stasis   .     (no boots)
Gourm  .                        P - amulet of rage
MR     ++...                    W - ring "Pnetim" {rPois rC+ MR+}
                                G - ring of protection from cold

@: very resistant to hostile enchantments, unstealthy
A: fangs 3, blink 1, regeneration 3, magic shield, antimagic bite, no device
heal 3, rot immunity
a: Blink, Heroism, Finesse, Renounce Religion, Evoke Berserk Rage


You were on level 1 of the Swamp.
You worshipped Okawaru.
Okawaru was extremely pleased with you.
You were not hungry.

You visited 3 branches of the dungeon, and saw 15 of its levels.
You also visited: Labyrinth, Sewer and Ice Cave.

You collected 1318 gold pieces.
You spent 45 gold pieces at shops.


Innate Abilities, Weirdness & Mutations

You have razor-sharp teeth.
You regenerate.
When hurt, damage is shared between your health and your magic reserves.
Your bite disrupts and absorbs the magic of your enemies.
Potions and wands cannot restore your health.
You are immune to rotting.
You can translocate small distances at will.


   Skills:
 + Level 11.7 Fighting
 - Level 12.7 Staves
 - Level 1.7 Throwing
 - Level 11.2 Dodging
 - Level 4.4 Invocations
 - Level 5.8 Evocations


You had 13 spell levels left.
You didn't know any spells.

Inventory:

Hand weapons
 a - a +2 lajatang of electrocution (weapon)
 b - a +0 blowgun
Missiles
 d - 5 throwing nets (quivered)
 y - 31 poisoned needles
 A - 10 curare-tipped needles
Armour
 e - a +2 cloak (worn)
 x - the +3 troll leather armour of Sloth (worn) {Dex+2 Int+3}
   (You found it on level 3 of the Lair of Beasts)

   It affects your intelligence (+3).
   It affects your dexterity (+2).
 T - a +1 hat of intelligence (worn)
Magical devices
 h - a wand of disintegration (5)
 p - a wand of slowing (2)
 r - a wand of cold (4)
 t - a wand of digging (7)
 D - a wand of draining (2) {unknown}
 L - a wand of heal wounds (2) {!d}
 M - a wand of teleportation (4) {!d}
 R - a wand of fireball (0)
 X - a wand of paralysis (6)
Comestibles
 f - 10 bread rations
 i - 13 meat rations
 I - 8 fruits
 J - 7 beef jerkies
 K - 3 royal jellies
Scrolls
 c - a scroll of blinking
 j - 16 scrolls of teleportation
 m - a scroll of brand weapon
 n - 4 scrolls of remove curse
 q - 4 scrolls of recharging
 s - a scroll of fog
 N - a scroll of fear
 O - 2 scrolls of vulnerability {unknown}
 Q - 2 scrolls of random uselessness {unknown}
 U - 2 scrolls of noise {!r}
Jewellery
 B - a cursed ring of teleportation {unknown}
 E - an uncursed amulet of resist mutation
 G - a ring of protection from cold (left hand)
 H - an uncursed ring of magical power
 P - an amulet of rage (around neck)
 S - an uncursed ring of protection from cold
 W - the ring "Pnetim" (right hand) {rPois rC+ MR+}
   (You found it in a labyrinth)

   [ring of protection from magic]

   It protects you from cold.
   It protects you from poison.
   It affects your resistance to hostile enchantments.
 Z - a +5 ring of protection
Potions
 g - a potion of berserk rage
 k - 10 potions of curing
 l - a potion of restore abilities
 o - a potion of cancellation
 v - 6 potions of haste
 w - 6 potions of agility
 z - 4 potions of brilliance
Books
 u - Reseo's Catalogue of Flamy Conjuration
   (You found it in an ice cave)

   Spells                             Type                      Level
   Throw Flame                        Conjuration/Fire             2
   Stone Arrow                        Conjuration/Earth            3
   Sticky Flame                       Conjuration/Fire             4
   Ring of Flames                     Charms/Fire                  7
 F - a book of Ice

Dungeon Overview and Level Annotations

Branches:
Dungeon (10/15)            Temple (0/1) D:4            Lair (4/8) D:10
  Swamp (1/5) Lair:3       Spider (0/5) Lair:3
    Orc: D:9-12

Altars:
Ashenzari
Dithmenos
Elyvilon
Fedhas
Nemelex Xobeh
Okawaru
Qazlal
Vehumet
Yredelemnul
Zin

Shops:
D:5 *

Annotations:
D:5 Dowan
Lair:4 exclusion: oklob plant
Swamp:1 exclusion: Roxanne, Roxanne

♣ *♣..#####.......♣♣.≈≈≈≈≈≈≈ *
*****♣.......≈≈.≈≈.♣♣.≈≈≈≈≈≈≈ ♣
***≈,*♣♣>.....≈≈≈....♣..≈≈≈≈..≈
♣*♣≈≈≈......≈....♣♣♣♣♣.......≈≈≈§
,,,.♣♣.≈.♣♣..≈≈.(♣♣ *♣.≈≈≈.≈≈≈≈≈≈
≈≈≈,♣≈≈≈.*♣♣≈.≈≈..♣*♣≈.≈≈≈≈.≈.≈≈≈
≈≈≈*♣.≈≈,≈*♣♣≈..≈♣♣♣≈..≈≈≈≈....≈≈
≈≈**♣...,,*♣.........≈≈≈≈≈≈≈≈≈.≈≈
≈****♣.,,≈,♣♣♣..@D≈§≈≈≈≈≈≈≈≈≈≈≈..
,,,≈**.,,≈,,*♣♣≈.≈≈≈≈≈≈≈≈≈≈≈≈≈≈..
,≈≈,****,,,** ♣..≈≈≈≈≈≈≈....≈≈≈.≈
≈≈≈≈* **≈,* *♣≈≈....≈≈≈.....≈..≈
,..** **≈**♣.≈≈≈♣♣♣....≈...≈≈.≈
.8.* ******♣...≈..♣ *≈♣♣≈..≈≈≈≈..
...* *≈≈,,.....≈≈.♣ *≈*♣≈.≈≈≈≈...
..♣* *,,,,...≈.≈≈.♣ *♣♣♣..≈≈≈≈...
.♣♣ *,,≈≈,≈≈≈..♣♣♣ ♣♣.....♣≈≈≈.≈


You could see a 13-headed hydra.


Message History

The ten-headed hydra bites you but does no damage.
You slice one of the ten-headed hydra's heads off!
The nine-headed hydra grows two more!
You slash the 11-headed hydra!
There is a sudden explosion of sparks!
You bite the 11-headed hydra. You drain its power.
You feel invigorated.
The 11-headed hydra is almost dead.
You hack one of the 11-headed hydra's heads off!
The ten-headed hydra grows two more!
You hit the 12-headed hydra.
The 12-headed hydra is severely wounded.
The 12-headed hydra bites you! The 12-headed hydra bites you.
The 12-headed hydra barely misses you. The 12-headed hydra bites you!
* * * LOW HITPOINT WARNING * * *
The 12-headed hydra completely misses you.
The 12-headed hydra bites you. The 12-headed hydra closely misses you.
The 12-headed hydra misses you.
The 12-headed hydra completely misses you. x2
The 12-headed hydra misses you. x2
You chop one of the 12-headed hydra's heads off!
The 11-headed hydra grows two more!
You slice the 13-headed hydra!!
The 13-headed hydra is almost dead.
The 13-headed hydra completely misses you.
The 13-headed hydra bites you!
* * * LOW HITPOINT WARNING * * *
The 13-headed hydra bites you!
* * * LOW HITPOINT WARNING * * *
The 13-headed hydra bites you but does no damage.
The 13-headed hydra bites you!
* * * LOW HITPOINT WARNING * * *
The 13-headed hydra bites you!
You die...

Action                   |  1- 3 |  4- 6 |  7- 9 | 10-12 | 13-15 || total
-------------------------+-------+-------+-------+-------+-------++-------
Melee: Quarterstaff      |    94 |   163 |   377 |   578 |       ||  1212
       Lajatang          |       |       |       |    94 |   319 ||   413
 Fire: Blowgun           |       |       |     8 |    20 |       ||    28
Throw: Stone             |    11 |     7 |       |       |       ||    18
       Throwing net      |     1 |       |    12 |     7 |     5 ||    25
Invok: Heroism           |       |       |     1 |     1 |     3 ||     5
       Finesse           |       |       |       |       |     3 ||     3
Evoke: Wand              |       |     5 |     4 |    19 |    29 ||    57
       Deck              |       |       |       |     5 |       ||     5
  Use: Scroll            |       |     5 |    16 |    12 |     4 ||    37
       Potion            |       |       |     1 |     2 |     3 ||     6
 Stab: Held in net/web   |     1 |       |     4 |     3 |     5 ||    13
       Confused          |       |       |       |     1 |     1 ||     2
       Paralysed         |       |       |       |     1 |       ||     1
       Sleeping          |       |       |       |     4 |       ||     4
       Distracted        |       |       |       |     1 |     1 ||     2
  Eat: Chunk             |     1 |     7 |     9 |    16 |     2 ||    35
       Bread ration      |       |       |     1 |       |       ||     1
       Pizza             |       |       |       |     1 |       ||     1
       Fruit             |       |       |       |     3 |    10 ||    13

Vault maps used:
D:1:      kilobyte_arrival_exit_the_forest
D:2:      elyvilon_altar_5
D:3:      first_bread, uniq_iyjb
D:4:      okawaru_metal_pillars_3, grunt_qazlal_clouds, minmay_temple_entry_mist
D:5:      nemelex_deck, lemuel_crystal_altar, serial_shops, shop,
          gup_sewer_entry_bubbles, uniq_duvessa
D:6:      fedhas_altar_4
D:7:      nicolae_overflow_hidden_temple, grunt_ministairs_6,
          minmay_door_square, minmay_misc_feat_iff, uniq_joseph
D:8:      minitemple, grunt_ogre_cave, sigmund_army
D:9:      kennysheep_mini_moat, grunt_dithmenos_shadows
D:10:     lair_0_dummy
Lair:1:   basic_altar, st_stairs_13, infiniplex_staircase_pool,
          serial_bayou_shore_b, grunt_megastairs_2, uniq_harold, uniq_nergalle
Lair:2:   lab_entry_generic, lemuel_fruit_tree
Lair:3:   minmay_swamp_entry_reptiles, spider_nest_entry_webs,
          serial_bayou_shore_a
Lair:4:   minmay_lair_oklob_items, nicolae_spider_entry_orb_guardian,
          serial_bayou, serial_bayou_crossing, serial_bayou_pond_b,
          serial_bayou_shore_b, serial_bayou_shore_b, serial_bayou_pond_c,
          nicolae_quartered_pool_super, beast_lair_carwin_4
Swamp:1:  portal_ice_cave_entry_pillars_01, evilmike_swamp_ruin_house_5,
          swamp_pool1, cheibrodos_swamp_slimy, uniq_roxanne, uniq_josephine,
          uniq_rupert
Lab:      labyrinth_hidden_loot, labyrinth_lava_lair, nicolae_lab_swirl,
          nicolae_lab_diamond, nicolae_lab_statue, nicolae_lab_do_over
Sewer:    kennysheep_pipe_town
IceCv:    ice_cave_caverns_02

Notes
Turn   | Place    | Note
--------------------------------------------------------------
     0 | D:1      | RobertPalmer, the Vine Stalker Gladiator, began the quest for the Orb.
     0 | D:1      | Reached XP level 1. HP: 11/11 MP: 1/1
   263 | D:1      | Reached skill level 3 in Staves
   362 | D:1      | Reached XP level 2. HP: 15/15 MP: 3/3
   694 | D:1      | Reached XP level 3. HP: 18/18 MP: 2/4
   869 | D:2      | Found a white marble altar of Elyvilon.
  1003 | D:2      | Reached skill level 4 in Staves
  1156 | D:2      | Reached XP level 4. HP: 23/23 MP: 5/5
  1546 | D:2      | HP: 2/23 [poisoned by an adder]
  1554 | D:2      | HP: 2/23 [poisoned by an adder]
  1562 | D:2      | HP: 2/23 [poisoned by an adder]
  1704 | D:2      | Reached skill level 5 in Staves
  1704 | D:2      | Reached XP level 5. HP: 26/26 MP: 7/7
  2306 | D:3      | Noticed Ijyb
  2314 | D:3      | Reached skill level 3 in Dodging
  2328 | D:3      | Killed Ijyb
  2499 | D:4      | Found an iron altar of Okawaru.
  2752 | D:4      | Gained mutation: You heal very quickly. [vine stalker growth]
  2752 | D:4      | Reached XP level 6. HP: 30/30 MP: 8/8
  2811 | D:4      | Became a worshipper of Warmaster Okawaru
  2883 | D:4      | Reached skill level 4 in Dodging
  3030 | D:4      | Found a staircase to the Ecumenical Temple.
  3217 | D:4      | Reached XP level 7. HP: 34/34 MP: 9/9
  3274 | D:4      | Found a stormy altar of Qazlal.
  3337 | D:5      | Entered Level 5 of the Dungeon
  3337 | D:5      | Found a sparkling altar of Nemelex Xobeh.
  3373 | D:5      | Reached skill level 6 in Staves
  3449 | D:5      | Acquired Okawaru's first power
  3570 | D:5      | Noticed Duvessa
  3574 | D:5      | Noticed Dowan
  3583 | D:5      | Killed Duvessa
  3587 | D:5      | HP: 3/34 [Dowan/dagger of electrocution (12)]
  3782 | D:5      | Reached skill level 7 in Staves
  3895 | D:5      | Found a glowing drain.
  3902 | Sewer    | Entered a sewer
  3940 | Sewer    | Gained mutation: You have razor-sharp teeth. [vine stalker growth]
  3940 | Sewer    | Reached XP level 8. HP: 35/38 MP: 11/11
  4234 | D:5      | Found Ghen's General Store.
  4239 | D:5      | Bought a throwing net for 45 gold pieces
  4366 | D:5      | Reached skill level 5 in Dodging
  4651 | D:5      | Found a glowing silver altar of Zin.
  5199 | D:6      | Reached skill level 6 in Dodging
  5355 | D:6      | Found a blossoming altar of Fedhas.
  5541 | D:6      | Reached skill level 7 in Dodging
  5548 | D:6      | Reached XP level 9. HP: 40/42 MP: 12/12
  5672 | D:7      | Noticed Joseph
  5685 | D:7      | Killed Joseph
  5721 | D:7      | Reached skill level 8 in Dodging
  5905 | D:7      | Found a basalt altar of Yredelemnul.
  6220 | D:7      | Gained mutation: You are agile. (Dex +2) [potion of beneficial mutation]
  6546 | D:8      | Reached skill level 9 in Dodging
  6922 | D:8      | Found a radiant altar of Vehumet.
  6951 | D:8      | Found a shadowy altar of Dithmenos.
  7349 | D:9      | Reached XP level 10. HP: 46/46 MP: 13/13
  7435 | D:9      | Lost mutation: You are agile. (Dex +2) [helix card]
  7452 | D:9      | Noticed an elephant
  7559 | D:9      | Reached skill level 10 in Dodging
  7587 | D:9      | Found a shattered altar of Ashenzari.
  8049 | D:9      | Found a shadowy altar of Dithmenos.
  8105 | D:10     | Entered Level 10 of the Dungeon
  8136 | D:10     | Reached skill level 1 in Evocations
  8322 | D:10     | Found a staircase to the Lair.
  8330 | D:10     | Reached skill level 2 in Evocations
  8361 | D:10     | Noticed a hill giant
  8404 | D:10     | Killed a hill giant
  8404 | D:10     | Reached skill level 3 in Evocations
  8825 | D:10     | Reached skill level 4 in Evocations
  9170 | Lair:1   | Entered Level 1 of the Lair of Beasts
  9202 | Lair:1   | Reached skill level 11 in Dodging
  9207 | Lair:1   | Acquired Okawaru's second power
  9292 | Lair:1   | Noticed a torpor snail
  9302 | Lair:1   | Reached skill level 5 in Evocations
  9321 | Lair:1   | Killed a torpor snail
  9321 | Lair:1   | Reached XP level 11. HP: 42/50 MP: 22/22
  9323 | Lair:1   | Received a gift from Okawaru
  9435 | Lair:1   | Found a basalt altar of Yredelemnul.
  9491 | Lair:1   | Reached skill level 2 in Fighting
  9601 | Lair:1   | Reached skill level 3 in Fighting
  9640 | Lair:1   | Reached skill level 4 in Fighting
  9662 | Lair:1   | Noticed Nergalle
  9692 | Lair:1   | Killed Nergalle
  9714 | Lair:1   | Reached skill level 5 in Fighting
  9769 | Lair:1   | Noticed Harold
  9784 | Lair:1   | Killed Harold
  9784 | Lair:1   | Reached skill level 6 in Fighting
 10011 | Lair:1   | Reached skill level 7 in Fighting
 10559 | Lair:2   | Reached skill level 8 in Fighting
 10600 | Lair:2   | Found a labyrinth entrance.
 10610 | Lab      | Entered a labyrinth
 10650 | Lab      | Identified a potion of resistance
 10935 | Lab      | Noticed a minotaur
 10943 | Lab      | Killed a minotaur
 10943 | Lab      | Received a gift from Okawaru
 10943 | Lab      | Reached skill level 8 in Staves
 10943 | Lab      | Reached skill level 1 in Invocations
 10985 | Lab      | Got a brightly glowing copper ring
 10986 | Lab      | Identified the ring "Pnetim" {rPois rC+ MR+} (You found it in a labyrinth)
 11013 | Lab      | Reached skill level 2 in Invocations
 11200 | Lair:2   | Gained mutation: You regenerate. [vine stalker growth]
 11200 | Lair:2   | Reached XP level 12. HP: 62/64 MP: 23/23
 11326 | Lair:3   | Reached skill level 3 in Invocations
 11646 | Lair:3   | Found a staircase to the Swamp.
 11659 | Lair:3   | Reached skill level 4 in Invocations
 11781 | Lair:3   | Found a hole to the Spider Nest.
 11948 | Lair:3   | Got a faintly glowing troll leather armour
 11967 | Lair:3   | Identified the +3 troll leather armour of Sloth {Dex+2 Int+3} (You found it on level 3 of the Lair of Beasts)
 12050 | Lair:3   | Reached skill level 9 in Staves
 12601 | Lair:4   | Received a gift from Okawaru
 12676 | Lair:4   | Found a hole to the Spider Nest.
 12688 | Lair:4   | Reached skill level 10 in Staves
 12697 | Lair:4   | the hole to the Spider Nest was a mimic.
 12824 | Lair:4   | Received a gift from Okawaru
 12836 | Lair:4   | Got a dazzling quarterstaff {god gift}
 12837 | Lair:4   | Identified the +9 quarterstaff "Wotic" {crush, +Rage rPois SInv} (Okawaru gifted it to you on level 4 of the Lair of Beasts)
 12962 | Lair:4   | Reached skill level 11 in Staves
 13030 | Lair:4   | Noticed a six-headed hydra
 13037 | Lair:4   | Killed a six-headed hydra
 13138 | Lair:4   | Reached XP level 13. HP: 68/68 MP: 24/24
 13178 | Lair:4   | Noticed a seven-headed hydra
 13328 | Swamp:1  | Entered Level 1 of the Swamp
 13328 | Swamp:1  | Noticed Roxanne
 13328 | Swamp:1  | Noticed Josephine
 13341 | Swamp:1  | Reached skill level 12 in Staves
 13349 | Swamp:1  | Killed Josephine
 13450 | Swamp:1  | Received a gift from Okawaru
 13614 | Swamp:1  | Noticed Rupert
 13715 | Swamp:1  | Gained mutation: You can translocate small distances at will. [potion of beneficial mutation]
 13741 | Swamp:1  | Killed Rupert
 13741 | Swamp:1  | Reached skill level 9 in Fighting
 13877 | Swamp:1  | Found a frozen archway.
 13894 | IceCv    | Entered an ice cave
 14058 | IceCv    | Identified Reseo's Catalogue of Flamy Conjuration
 14102 | IceCv    | Reached skill level 10 in Fighting
 14128 | IceCv    | Identified a wand of teleportation {zapped: 1} (You found it on level 4 of the Lair of Beasts)
 14764 | IceCv    | Identified a wand of heal wounds {zapped: 1} (You found it in an ice cave)
 15265 | IceCv    | Reached skill level 11 in Fighting
 15268 | IceCv    | Noticed an Ice Fiend
 15288 | IceCv    | Killed an Ice Fiend
 15288 | IceCv    | Reached XP level 14. HP: 40/79 MP: 25/25
 15622 | Swamp:1  | HP: 7/79 [13-headed hydra (12)]
 15622 | Swamp:1  | Slain by a 13-headed hydra

Vanquished Creatures
  An Ice Fiend (IceCv)
  Rupert (Swamp:1)
  A minotaur (Lab)
  Josephine (Swamp:1)
  Harold (Lair:1)
  2 hydras
  Nergalle (Lair:1)
  An orb spider (Lair:4)
  4 ice devils (IceCv)
  A hill giant (D:10)
  An ice statue (IceCv)
  A griffon (Lair:4)
  2 black mambas (Lair:3)
  Joseph (D:7)
  A torpor snail (Lair:1)
  A feature mimic (Lair:4)
  4 komodo dragons
  A minotaur zombie (Lab)
  5 spiny frogs
  A freezing wraith (IceCv)
  An anaconda simulacrum (IceCv)
  A polar bear (Lair:4)
  A baby alligator (Lair:3)
  4 giant leeches (Swamp:1)
  7 slime creatures (Swamp:1)
  A hydra skeleton (D:10)
  6 ravens (Swamp:1)
  12 blink frogs
  4 trapdoor spiders (Lair:3)
  3 basilisks
  An alligator skeleton (Swamp:1)
  A wyvern (D:10)
  3 vampire mosquitoes (Swamp:1)
  3 hippogriffs
  20 yaks
  3 harpy simulacra (IceCv)
  4 death yak simulacra (IceCv)
  2 hungry ghosts
  5 swamp worms (Swamp:1)
  3 wolves (Lair:2)
  2 dire elephant simulacra (IceCv)
  3 hydra simulacra (IceCv)
  7 water moccasins
  2 black bears
  4 iron troll simulacra (IceCv)
  A spiny frog zombie (Swamp:1)
  3 orc warriors
  An alligator simulacrum (IceCv)
  5 ogres
  2 ice beasts
  A phantom (D:6)
  8 porcupines
  2 ettin simulacra (IceCv)
  10 crocodiles
  A sky beast (D:8)
  3 swamp drakes (Swamp:1)
  Duvessa (D:5)
  4 big kobolds
  A gnoll sergeant (D:5)
  9 insubstantial wisps (Swamp:1)
  3 giant frogs
  A water moccasin zombie (Swamp:1)
  2 scorpions (D:10)
  A troll skeleton (D:7)
  4 electric eels
  3 crimson imps
  4 wights (D:10)
  2 goliath beetles
  A giant frog zombie (D:9)
  2 draconian simulacra (IceCv)
  A black bear zombie (D:5)
  3 jellies
  8 orc priests
  12 orc wizards
  A quasit (D:8)
  A giant frog skeleton (D:10)
  12 hounds
  4 worker ants
  3 iguanas
  A polar bear simulacrum (IceCv)
  A killer bee zombie (D:5)
  7 sheep (Lair:4)
  A big kobold zombie (D:8)
  3 troll simulacra (IceCv)
  A wolf simulacrum (IceCv)
  4 centaur simulacra (IceCv)
  Ijyb (D:3)
  A crocodile skeleton (Swamp:1)
  A hound zombie (D:7)
  A hound skeleton (D:5)
  17 adders
  57 green rats
  A naga simulacrum (IceCv)
  11 gnolls
  3 ogre simulacra (IceCv)
  2 shadow imps
  3 giant mites
  An inept item mimic (D:3)
  8 white imps (IceCv)
  An inept feature mimic (D:4)
  6 ufetubi (IceCv)
  2 worms
  A swamp drake simulacrum (Swamp:1)
  An orc skeleton (D:9)
  4 oozes
  31 orcs
  18 bats
  3 bat skeletons
  6 giant cockroaches
  15 hobgoblins
  12 jackals
  8 quokkas
  4 ball pythons
  5 giant geckos
  7 giant newts
  A giant newt skeleton (D:5)
  10 goblins
  A goblin skeleton (D:4)
  A jackal skeleton (D:8)
  37 kobolds
  An orc zombie (D:8)
  13 rats
  2 rat skeletons (D:4)
570 creatures vanquished.

Vanquished Creatures (others)
  A white imp (IceCv)
  2 ufetubi (IceCv)
  A fungus (Lair:1)
4 creatures vanquished.

Grand Total: 574 creatures vanquished
